 Dungeon Crawl Stone Soup version 0.32-a0-314-g526f7d4993 (webtiles) character file.

Game seed: 13916735789762756725

13328 inqbanana the Nimble (level 11, -2/60 HPs)
             Began as a Felid Berserker on Feb 16, 2024.
             Was a Follower of Beogh.
             Slain by a sixfirhy (6 damage)
             ... on level 10 of the Dungeon.
             The game lasted 00:34:50 (9006 turns).

inqbanana the Nimble (Felid Berserker)              Turns: 9006, Time: 00:34:51

Health: -2/60      AC:  2    Str: 17    XL:     11   Next: 74%
Magic:  9/16       EV: 29    Int: 11    God:    Beogh [*.....]
Gold:   628        SH:  0    Dex: 16    Spells: 7/16 levels left
                                        Lives:  0   Deaths: 4

rFire   . .          .
                       - Unarmed
rCold   + . .        (shield unavailable)
rNeg    . . .        (body armour unavailable)
rPois   .            (helmet unavailable)
rElec   .            (cloak unavailable)
rCorr   .            (gloves unavailable)
SInv    +            (boots unavailable)
Will    +....        j - amulet of faith
Stlth   +++++        i - ring of protection from cold
HPRegen 0.30/turn    B - +5 ring of evasion
MPRegen 0.15/turn

%: faith
@: mighty, studying Dodging
A: very small, claws 1, fangs 3, see invisible, shaggy fur 2, stealthy paws, no
weapons or thrown items, no armour, multi-lived
a: Renounce Religion


You were on level 10 of the Dungeon.
You worshipped Beogh.
Beogh was aware of your devotion.
You visited 2 branches of the dungeon, and saw 14 of its levels.

You collected 1172 gold pieces.
You spent 544 gold pieces at shops.

Inventory:

Jewellery
 a - a ring of protection from cold
 c - a ring of fire
 h - a ring of flight
 i - a ring of protection from cold (left paw)
 j - an amulet of faith (around neck)
 m - a ring of wizardry
 w - a ring of willpower
 A - an amulet of regeneration
 B - a +5 ring of evasion (right paw)
Talismans
 d - a serpent talisman
Wands
 g - a wand of charming (13)
 k - a wand of roots (18)
 o - a wand of digging (4)
 p - a wand of flame (32)
 t - a wand of light (14)
Scrolls
 b - 3 scrolls of teleportation
 n - a scroll of fog
 q - 8 scrolls of identify
 s - a scroll of revelation
 y - a scroll of vulnerability
Potions
 e - a potion of lignification
 f - a potion of cancellation
 l - 6 potions of curing
 v - a potion of haste
 x - a potion of heal wounds
Miscellaneous
 u - a phantom mirror


   Skills:
 + Level 8.5 Fighting
 + Level 11.7 Dodging
 + Level 11.1 Stealth
 * Level 11.5 Unarmed Combat
 + Level 3.1 Spellcasting
 + Level 3.1 Hexes
 + Level 3.4 Necromancy
 + Level 3.0 Ice Magic
 * Level 2.5 Invocations


You had 7 spell levels left.
You knew the following spells:

 Your Spells              Type           Power      Damage    Failure   Level
a - Freeze                Ice            32%        1d5       8%          1
b - Ensorcelled Hibernat  Hex/Ice        16%        N/A       11%         2
c - Ozocubu's Armour      Ice            8%         N/A       22%         3
d - Fugue of the Fallen   Necr           9%         N/A       19%         3

Your spell library contained the following spells:

 Spells                   Type           Power      Damage    Failure   Level
 Necrotise                Necr           36%        1d5       6%          1
 Sublimation of Blood     Necr           9%         N/A       10%         2
 Kiss of Death            Conj/Necr      20%        2d7       13%         1
 Frozen Ramparts          Ice            16%        1d3       22%         3
 Tukima's Dance           Hex            8%         N/A       22%         3
 Cigotuvi's Dreadful Rot  Necr/Alch/Air  8%         N/A       24%         2
 Apportation              Tloc           2%         N/A       26%         1
 Sting                    Conj/Alch      4%         1d3       26%         1
 Summon Small Mammal      Summ           4%         N/A       26%         1
 Call Imp                 Summ           2%         N/A       36%         2
 Hailstorm                Conj/Ice       5%         3d5       38%         3
 Animate Dead             Necr           9%         N/A       54%         4
 Anguish                  Hex/Necr       4%         N/A       56%         4
 Cause Fear               Hex            4%         N/A       56%         4
 Metabolic Englaciation   Hex/Ice        4%         N/A       90%         5
 Ignite Poison            Fire/Alch      1%         N/A       95%         4
 Iskenderun's Mystic Bla  Conj/Tloc      1%         2d3       95%         4
 Sticky Flame             Fire/Alch      1%         2d4       95%         4
 Sculpt Simulacrum        Ice/Alch       2%         N/A       100%        6
 Enfeeble                 Hex            4%         N/A       100%        7
 Ozocubu's Refrigeration  Ice            4%         4d8       100%        7
 Summon Hydra             Summ           0%         N/A       100%        7
 Ignition                 Fire           0%         3d3       100%        8
 Death's Door             Necr           4%         N/A       100%        9
 Polar Vortex             Ice            4%         N/A       100%        9
 Dimensional Bullseye     Hex/Tloc       Unusable   N/A       N/A         4

Dungeon Overview and Level Annotations

Branches:
Dungeon (12/15)            Temple (0/1) D:4            Lair (0/5) D:9
    Orc (2/2) D:10            Elf (0/3) Orc:2

Altars:
Dithmenos
Fedhas
Kikubaaqudgha
Vehumet
The Shining One
Beogh

Shops:
D:1 !   D:9 [   D:11 ?   Orc:1 ::

Annotations:
D:10 exclusion: orange crystal statue


Innate Abilities, Weirdness & Mutations

You have sharp claws.
You have razor-sharp teeth.
You have supernaturally acute eyesight. (SInv)
You are covered in thick fur. (AC +2)
Your paws help you pounce on unaware monsters.
You are incapable of wielding weapons or throwing items.
You cannot wear armour.
You gain extra lives every three experience levels.


Message History

The quasit closely misses you. The quasit completely misses you.
There is a stone staircase leading down here.
The quasit attacks as it pursues you! The quasit completely misses you. x3
Found a stone staircase leading up.
The quasit attacks as it pursues you! The quasit closely misses you.
The quasit misses you. x2
Casting: Ensorcelled Hibernation (safe; 11% risk of failure)
Confirm with . or Enter, or press ? or * to list all spells.
Aiming: Ensorcelled Hibernation (safe; 11% risk of failure)
Press: ? - help, Shift-Dir - straight line, f - sixfirhy
Aim: a sixfirhy (chance to affect: 13%)
The sixfirhy resists with almost no effort.
The sixfirhy closely misses you. The sixfirhy hits you.
The sixfirhy shocks you! The sixfirhy completely misses you.
The sixfirhy misses you. The sixfirhy closely misses you.
The crimson imp blinks!
Found a chain mail.
The sixfirhy misses you. x2; The sixfirhy completely misses you.
There is a stone staircase leading up here.
The sixfirhy hits you! The sixfirhy shocks you! The sixfirhy barely misses you.
You climb upwards.
Level annotation: exclusion: orange crystal statue
There is a stone staircase leading down here.
You feel very mighty all of a sudden.
You scratch the sixfirhy. You bite the sixfirhy.
The sixfirhy is moderately wounded.
You claw the sixfirhy! Your bite misses the sixfirhy.
The sixfirhy is heavily wounded.
The sixfirhy completely misses you. The sixfirhy misses you.
The sixfirhy hits you. The sixfirhy shocks you!
You miss the sixfirhy.
The sixfirhy is heavily wounded.
The sixfirhy hits you!
* * * LOW HITPOINT WARNING * * *
The sixfirhy shocks you!
* * * LOW HITPOINT WARNING * * *
The sixfirhy closely misses you.
You barely miss the sixfirhy.
The sixfirhy is heavily wounded.
The sixfirhy closely misses you. The sixfirhy hits you.
You die...

......###.......)................
.......#.........................
....................#............
...................###...........
....................#...........)
................................)
...............................).
.................................
................@3...............
#################################


You could see a sixfirhy.

Vanquished Creatures
  Erolcha (Orc:1)
  2 two-headed ogres
  Pikel (D:6)
  3 kobold blastminers (Orc:1)
  An unseen horror (D:12)
  2 trolls
  Sigmund (D:3)
  A shadow (D:10)
  Eustachio (D:5)
  15 yaks
  2 wyverns (D:9)
  3 wraiths
  A warg (Orc:1)
  An acid dragon (D:10)
  2 sky beasts
  9 orc warriors
  5 black bears
  3 ogres
  A centaur (D:10)
  2 phantoms
  12 kobold brigands
  3 bullfrogs
  3 scorpions
  3 wights (D:7)
  6 killer bees (D:7)
  2 vampire bats (Orc:1)
  2 jellies
  5 hounds
  12 orc priests
  8 iguanas
  2 sleepcaps
  18 orc wizards
  3 gnolls (D:2)
  5 adders
  4 white imps
  3 dart slugs
  2 ribbon worms
  48 orcs
  6 ball pythons
  11 bats
  A bat skeleton (D:2)
  5 endoplasms
  4 giant cockroaches
  5 hobgoblins
  2 jackals (D:2)
  4 quokkas
  A ball python zombie (D:2)
  3 frilled lizards
  5 goblins
  37 kobolds
  5 rats (D:1)
287 creatures vanquished.

Vanquished Creatures (collateral kills)
  A two-headed ogre (D:8)
1 creature vanquished.

Vanquished Creatures (others)
  3 kobolds (D:10)
3 creatures vanquished.

Grand Total: 291 creatures vanquished

Notes
Turn   | Place    | Note
-------+----------+-------------------------------------------
     0 | D:1      | inqbanana the Felid Berserker began the quest for the Orb.
     0 | D:1      | Reached XP level 1. HP: 12/12 MP: 2/2
    65 | D:1      | Found Pacruhon's Distillery.
   203 | D:1      | Reached skill level 1 in Stealth
   203 | D:1      | Reached XP level 2. HP: 16/16 MP: 3/3
   949 | D:2      | Reached XP level 3. HP: 19/20 MP: 4/4
   964 | D:2      | HP: 1/20 [frozen (3)]
  1364 | D:2      | Reached XP level 4. HP: 24/24 MP: 5/5
  1364 | D:2      | Gained a life (2 lives remaining)
  1833 | D:3      | Reached skill level 5 in Dodging
  1833 | D:3      | Reached XP level 5. HP: 29/29 MP: 6/6
  1877 | D:3      | Noticed Sigmund
  1887 | D:3      | Killed Sigmund
  1888 | D:3      | Reached skill level 5 in Unarmed Combat
  1888 | D:3      | Gained mutation: You are covered in thick fur. (AC +2)
                  | [Felid growth]
  1888 | D:3      | Reached XP level 6. HP: 25/33 MP: 7/7
  1903 | D:3      | Reached ** piety under Trog
  2266 | D:3      | Found a faded altar of an unknown god.
  2435 | D:4      | Reached XP level 7. HP: 5/38 MP: 8/8
  2541 | D:4      | Reached skill level 5 in Stealth
  2667 | D:4      | Found a staircase to the Ecumenical Temple.
  2851 | D:5      | Entered Level 5 of the Dungeon
  2943 | D:5      | Reached skill level 5 in Fighting
  3011 | D:5      | Got the Elucidation of Ectoplasm
  3081 | D:5      | Noticed Eustachio
  3090 | D:5      | Killed Eustachio
  3091 | D:5      | Reached XP level 8. HP: 43/43 MP: 9/9
  3407 | D:5      | HP: 2/44 [phantom (6)]
  3942 | D:5      | Reached *** piety under Trog
  4007 | D:6      | Noticed Pikel
  4028 | D:6      | Killed Pikel
  4029 | D:6      | Reached XP level 9. HP: 48/48 MP: 10/10
  4111 | D:6      | You fall into a shaft and drop 2 floors!
  4563 | D:7      | Noticed a troll
  4577 | D:7      | Killed a troll
  5149 | D:6      | Reached **** piety under Trog
  5472 | D:8      | Noticed a kobold demonologist
  5488 | D:8      | Noticed a soul eater
  5501 | D:7      | Slain by a kobold brigand
  5501 | D:7      | Lost a life (1 life remaining)
  5560 | D:8      | Reached XP level 10. HP: 48/55 MP: 11/11
  5560 | D:8      | Gained a life (2 lives remaining)
  5913 | D:8      | Noticed an orange demon
  5918 | D:8      | HP: 4/82 [poisoned by an orange demon]
  5919 | D:8      | Succumbed to an orange demon's poison
  5919 | D:8      | Lost a life (1 life remaining)
  5996 | D:8      | Noticed a two-headed ogre
  6001 | D:8      | Killed a two-headed ogre
  6002 | D:8      | Reached skill level 10 in Unarmed Combat
  6327 | D:8      | Reached skill level 10 in Dodging
  6414 | D:9      | Reached skill level 10 in Stealth
  6453 | D:9      | Found a staircase to the Lair.
  6519 | D:9      | Found Zura's Antique Armour Shop.
  6535 | D:10     | Entered Level 10 of the Dungeon
  6710 | D:8      | Reached skill level 1 in Spellcasting
  6710 | D:8      | Reached skill level 1 in Necromancy
  6710 | D:8      | Reached skill level 1 in Ice Magic
  7001 | D:9      | Slain by a kobold
  7001 | D:9      | Lost a life (0 lives remaining)
  7433 | D:10     | Noticed an orange crystal statue
  7469 | D:10     | Found a staircase to the Orcish Mines.
  7498 | Orc:1    | Entered Level 1 of the Orcish Mines
  7499 | Orc:1    | Identified a scroll of acquirement
  7499 | Orc:1    | Acquired a manual of Dodging
  7504 | Orc:1    | Noticed Erolcha
  7507 | Orc:1    | Killed Erolcha
  7508 | Orc:1    | Reached XP level 11. HP: 59/60 MP: 13/15
  7508 | Orc:1    | Gained a life (1 life remaining)
  7841 | Orc:1    | Reached skill level 1 in Hexes
  7895 | Orc:1    | Fell from the grace of Trog
  7936 | Orc:1    | Found a roughly hewn altar of Beogh.
  8002 | Orc:1    | Became a worshipper of Beogh the Shepherd
  8012 | Orc:1    | Found Vickehoo's Book Emporium.
  8085 | Orc:1    | Found Keerathri's Book Boutique.
  8093 | Orc:1    | Bought a book of Winter for 544 gold pieces
  8095 | Orc:1    | Learned a level 1 spell: Freeze
  8098 | Orc:1    | Learned a level 2 spell: Ensorcelled Hibernation
  8102 | Orc:1    | Learned a level 3 spell: Ozocubu's Armour
  8106 | Orc:1    | Learned a level 3 spell: Fugue of the Fallen
  8185 | Orc:1    | Noticed an orc high priest
  8215 | Orc:2    | Entered Level 2 of the Orcish Mines
  8371 | Orc:2    | Noticed an orc knight
  8587 | D:10     | Reached * piety under Beogh
  8588 | D:10     | Reached skill level 1 in Invocations
  8712 | D:10     | Found an ancient bone altar of Kikubaaqudgha.
  8713 | D:10     | Found a blossoming altar of Fedhas.
  8717 | D:10     | Found a glowing golden altar of the Shining One.
  8717 | D:10     | Found a radiant altar of Vehumet.
  8718 | D:10     | Found a shadowy altar of Dithmenos.
  8724 | D:10     | Noticed a two-headed ogre
  8736 | D:10     | Killed a two-headed ogre
  8840 | D:11     | Mangled by an ogre
  8840 | D:11     | Lost a life (0 lives remaining)
  8909 | D:11     | Found Waskux's Magic Scroll Shoppe.
  8934 | D:12     | Noticed a two-headed ogre
  8953 | D:12     | Killed a two-headed ogre
  8987 | D:11     | Noticed a sixfirhy
  9006 | D:10     | Slain by a sixfirhy

Illustrated notes

Levels and vault maps discovered:
D:1:      sevenhm_arrival_forest_fort_large_4, layout_loops_ring, serial_shops,
          nicolae_shop_industrial_runoff
D:2:      layout_basic, serial_undead, serial_undead_e, serial_undead_f,
          serial_undead_d, serial_undead_b, serial_park_tiny_2
D:3:      layout_rooms, ebering_ecumenical_altar_sacrificial, uniq_sigmund
D:4:      layout_rooms, minmay_temple_entry_overgrown, abandoned_shop,
          cheibrodos_gnoll_hut
D:5:      minmay_clustersquares, layout_basic, uniq_eustachio
D:6:      layout_rooms, uniq_pikel
D:7:      layout_basic, serial_park_tiny_1
D:8:      layout_basic, special_room [special_room_kobold], st_stairs_2,
          chequers_serial_rivers_marsh
D:9:      layout_cave_pools, lair_entry_dummy, serial_shops, shop
D:10:     layout_big_octagon, grunt_temple_overflow_open, orc_0_dummy,
          disabler_island
D:11:     layout_loops_ring, ebering_ghost_reflecting_pool, serial_shops,
          nicolae_shop_behind_doors,
          nicolae_shop_temple_entry_statues_fountains, nicolae_shop_statue_plus,
          nicolae_square_shop, shop, nicolae_demonic_statue_gallery
D:12:     layout_cave_pools, serial_bayou_ford_a
Orc:1:    layout_caves, basic_altar, serial_shops, shop, shop, roderic_batcave,
          bh_open_orc_temple, uniq_erolcha
Orc:2:    grunt_orc_tribal_feast, layout_caves, minmay_orc_temple_c

Skill      XL: |  1  2  3  4  5  6  7  8  9 10 11 |
---------------+----------------------------------+-----
Stealth        | 1 2 3 4 6 7 9 10 11 | 11.1
Unarmed Combat | 4 5 6 8 9 10 11 | 11.5
Dodging        | 5 6 8 9 10 11 | 11.7
Fighting       | 4 5 6 7 8 |  8.5
Spellcasting   | 2 3 |  3.1
Necromancy     | 2 3 |  3.4
Ice Magic      | 2 3 |  3.0
Hexes          | 3 |  3.1
Invocations    | 2 |  2.5

Action                     |  1- 3 |  4- 6 |  7- 9 | 10-12 || total
---------------------------+-------+-------+-------+-------++-------
  Melee: Unarmed           |    65 |    89 |   249 |   391 ||   794
         Bite              |     9 |    13 |    20 |    51 ||    93
         Punch             |       |     2 |     7 |    22 ||    31
   Cast: Ensorcelled Hiber |       |       |       |    25 ||    25
         Fugue of the Fall |       |       |       |     2 ||     2
 Invoke: Berserk           |     1 |     4 |     9 |     4 ||    18
         Trog's Hand       |       |       |     2 |       ||     2
         Brothers in Arms  |       |       |       |     1 ||     1
         Renounce Religion |       |       |       |     1 ||     1
    Use: Scroll            |     5 |     2 |     5 |     6 ||    18
         Potion            |     3 |     4 |     3 |     4 ||    14
   Stab: Sleeping          |     4 |     1 |    12 |    18 ||    35
         Distracted        |       |       |       |     4 ||     4
 Armour: Skin              |    14 |    30 |    95 |   112 ||   251
  Dodge: Dodged            |    57 |    75 |   257 |   506 ||   895

Table legend: (Time is in decaauts)
 A = Elapsed time spent in this place.
 B = Non-inter-level travel time spent in this place.
 C = Inter-level travel time spent in this place.
 D = Time resting spent in this place.
 E = Time spent auto-exploring this place.
 F = Levels seen in this place.
 G = Mean time per level.
                   A        B        C        D        E       F      G
               +--------+--------+--------+--------+--------+-----+--------+
         Total |   8983 |   8460 |    523 |    957 |   4157 |  14 |  641.6 |
       Dungeon |   8060 |   7549 |    511 |    905 |   4074 |  12 |  671.7 |
  Orcish Mines |    923 |    911 |     12 |     51 |     83 |   2 |  461.5 |
               +--------+--------+--------+--------+--------+-----+--------+

Top non-repeatable levels by time:
     D:8: 1229 daAuts
     D:5: 1182 daAuts
     D:1: 948 daAuts
     D:2: 872 daAuts
     D:9: 828 daAuts
     D:7: 809 daAuts
   Orc:1: 748 daAuts
     D:4: 531 daAuts
     D:3: 515 daAuts
    D:10: 503 daAuts
     D:6: 441 daAuts
   Orc:2: 175 daAuts
    D:11: 132 daAuts
    D:12: 65 daAuts
